Blackhawks vs Stars

Created - 24 septembre 2019 at 17:00

Simulating a Pre-Season

Goals
1 2 3 T
Blackhawks 1 1 1 3
Stars 0 1 1 2
Shots
1 2 3 T
Blackhawks 10 13 7 30
Stars 7 8 19 34

1st period

1. Blackhawks , Zach Parise 5 (Cam Atkinson 3, Eric Staal 5) at 10:55 (PP)

Penalties :
Ryan Strome (DAL) for Boarding (Minor) at 2:19, Dion Phaneuf (DAL) for Goalie Interference (Minor) at 10:42

2nd period

2. Blackhawks , Zach Parise 6 (Cam Atkinson 4, Eric Staal 6) at 14:59
3. Stars , Joe Thornton 2 (Mikko Rantanen 2, Chris Tanev 1) at 18:24

Penalties :
Mikko Rantanen (DAL) for Diving (Minor) at 0:58, Thomas Chabot (DAL) for Holding (Minor) at 11:04

3rd period

4. Stars , Adam Henrique 2 (Joe Thornton 3, Mikko Rantanen 3) at 11:26 (PP)
5. Blackhawks , Yanni Gourde 4 (Vladislav Namestnikov 2, Brett Connolly 2) at 15:45

Penalties :
Derek Forbort (CHI) for Hooking (Minor) at 3:12, Brandon Davidson (CHI) for Boarding (Minor) at 6:45, Brandon Davidson (CHI) for Unsportsmanlike conduct (Minor) at 11:19, Brett Connolly (CHI) for Interference (Minor) at 17:51

Goalie Stats

Frederik Andersen (CHI), 32 saves from 34 shots - (0,941), W, 3-0-0, 60:00 minutes
Martin Ouellette (DAL), 27 saves from 30 shots - (0,900), L, 0-1-0, 60:00 minutes

Players Stats for Blackhawks

Player Name              G  A  P  +/- PIM S  H  SB GA TA FO     MP     PP MP  PK MP  
------------------------------------------------------------------------------------
Alex Steen               0  0  0  -1  0   1  0  0  0  0  1/2    16:57   3:03   0:30 
Andreas Martinsen        0  0  0   0  0   0  1  0  0  1  0/0     7:58   0:00   0:00 
Andrew Shaw              0  0  0  -1  0   1  3  2  1  0  0/2    16:27   3:03   0:00 
Andy Greene              0  0  0   1  0   0  4  3  0  1  0/0    29:10   4:14   2:58 
Austin Strand            0  0  0   0  0   1  0  0  0  0  0/0    13:11   0:00   1:21 
Brandon Davidson         0  0  0   0  4   0  0  2  0  1  0/0    18:54   1:56   2:03 
Brett Connolly           0  1  1   1  2   0  0  1  1  0  2/3    11:21   0:00   0:24 
Brett Lernout            0  0  0   0  0   0  0  0  0  0  0/0     3:05   0:00   0:50 
Cam Atkinson             0  2  2   1  0   6  3  0  1  0  0/2    21:59   3:07   3:26 
Carl Hagelin             0  0  0   0  0   2  2  0  0  1  0/0     7:58   0:00   0:00 
Derek Forbort            0  0  0   0  2   0  1  1  0  0  0/0    17:41   1:56   1:58 
Eric Staal               0  2  2   1  0   3  2  0  0  0  17/26  19:48   3:07   1:34 
Michael Chaput           0  0  0   0  0   0  0  0  0  1  1/3     7:58   0:00   0:00 
Mikael Backlund          0  0  0  -1  0   4  1  0  0  0  6/11   18:10   3:03   1:34 
Niklas Hjalmarsson       0  0  0   1  0   2  1  1  1  0  0/0    27:05   4:14   2:58 
Steven Kampfer           0  0  0   0  0   0  0  0  0  0  0/0    11:19   0:00   0:00 
Tyler Benson             0  0  0   0  0   0  0  0  0  0  0/0     0:00   0:00   0:00 
Vladislav Namestnikov    0  1  1   1  0   2  3  0  0  0  3/6    10:49   0:00   0:00 
Yanni Gourde             1  0  1   1  0   3  1  0  0  0  1/1    12:02   0:00   1:13 
Zach Parise              2  0  2   1  0   5  3  2  0  0  0/5    22:00   3:07   3:27 

Players Stats for Stars

Player Name              G  A  P  +/- PIM S  H  SB GA TA FO     MP     PP MP  PK MP  
------------------------------------------------------------------------------------
Adam Henrique            1  0  1   0  0   4  3  0  0  0  1/6    16:43   3:03   1:58 
Adam Pelech              0  0  0  -1  0   3  0  2  1  0  0/0    25:58   2:48   3:38 
Alexander Radulov        0  0  0   0  0   1  1  3  1  0  0/3    21:38   2:49   0:00 
Charlie Coyle            0  0  0  -1  0   1  1  0  0  0  0/0    10:19   0:00   0:00 
Chris Tanev              0  1  1   0  0   0  2  4  0  0  0/0    21:05   2:48   2:32 
Danton Heinen            0  0  0   0  0   4  0  0  0  0  0/0     7:49   0:00   0:50 
Derrick Pouliot          0  0  0   0  0   0  1  0  0  0  0/0    10:05   0:00   0:00 
Dion Phaneuf             0  0  0   0  2   1  3  0  0  1  0/0    13:10   0:00   3:25 
Dylan Strome             0  0  0  -1  0   3  0  0  1  0  4/10   13:02   2:49   0:00 
J.T. Compher             0  0  0   0  0   2  0  0  0  0  4/8    17:53   2:49   3:35 
Joe Thornton             1  1  2   0  0   1  0  0  0  1  19/30  22:03   3:15   0:00 
John Klingberg           0  0  0  -1  0   2  1  1  0  0  0/0    26:22   3:16   0:56 
Mikko Rantanen           0  2  2   0  2   5  0  1  1  1  0/1    22:03   3:15   0:00 
Richard Panik            0  0  0   0  0   1  0  1  0  0  0/0    15:05   0:12   3:40 
Ryan Murphy              0  0  0   0  0   1  0  0  0  0  0/0     6:55   0:00   0:00 
Ryan Strome              0  0  0  -1  2   1  0  0  0  0  0/0    11:50   0:00   1:12 
Sam Steel                0  0  0   0  0   0  1  1  0  0  2/3     8:13   0:00   1:05 
Thomas Chabot            0  0  0   0  2   4  2  1  1  1  0/0    23:33   3:16   1:49 

3 Stars

1 - Zach Parise (CHI)
2 - Cam Atkinson (CHI)
3 - Eric Staal (CHI)

Power Play

Blackhawks - 1 on 4 Attempt(s) - 25,00%
Stars - 1 on 4 Attempt(s) - 25,00%

Penalty Kill

Blackhawks - 3 on 4 Attempt(s) - 75,00% - Score 0 goal in Penalty Kill
Stars - 3 on 4 Attempt(s) - 75,00% - Score 0 goal in Penalty Kill

Team Stat

Blackhawks - Hits : 25 - Faceoff Wins : 31 - Blocked Shots : 12 - Penalty Minutes : 8
Stars - Hits : 15 - Faceoff Wins : 30 - Blocked Shots : 14 - Penalty Minutes : 8

Official

Referees : Brian Pochmara and Kendrick Nicholson
Linesman : Mark Wheler and Brad Lazarowich

Game Notes

No Game Note

Blackhawks

5 vs 5 Forward 
   Center                   Left Wing                Right Wing               Time % Phy DF OF 
 1 Eric Staal               Zach Parise              Cam Atkinson             40     1   2  2  
 2 Mikael Backlund          Alex Steen               Andrew Shaw              30     1   2  2  
 3 Vladislav Namestnikov    Yanni Gourde             Brett Connolly           20     1   2  2  
 4 Michael Chaput           Carl Hagelin             Andreas Martinsen        10     1   2  2  

5 vs 5 Defense 
   Defense                  Defense                                           Time % Phy DF OF 
 1 Andy Greene              Niklas Hjalmarsson                                40     1   2  2  
 2 Derek Forbort            Brandon Davidson                                  30     1   2  2  
 3 Steven Kampfer           Austin Strand                                     20     1   2  2  
 4 Brett Lernout            Andy Greene                                       10     1   2  2  

PowerPlay Forward 
   Center                   Left Wing                Right Wing               Time % Phy DF OF 
 1 Eric Staal               Zach Parise              Cam Atkinson             60     1   2  2  
 2 Mikael Backlund          Alex Steen               Andrew Shaw              40     1   2  2  

PowerPlay Defense
   Defense                  Defense                                           Time % Phy DF OF 
 1 Andy Greene              Niklas Hjalmarsson                                60     1   2  2  
 2 Derek Forbort            Brandon Davidson                                  40     1   2  2  

Penalty Kill 4 Players Forward 
   Center                   Wing                     Time % Phy DF OF 
 1 Zach Parise              Cam Atkinson             60     1   2  2  
 2 Eric Staal               Mikael Backlund          40     1   2  2  

Penalty Kill 4 Players Defense
   Defense                  Defense                  Time % Phy DF OF 
 1 Andy Greene              Niklas Hjalmarsson       60     1   2  2  
 2 Derek Forbort            Brandon Davidson         40     1   2  2  

Penalty Kill - 3 Players Forward 
   Forward                                           Time % Phy DF OF 
 1 Zach Parise                                       60     1   2  2  
 2 Cam Atkinson                                      40     1   2  2  

Penalty Kill - 3 Players Defense
   Defense                  Defense                  Time % Phy DF OF 
 1 Andy Greene              Niklas Hjalmarsson       60     1   2  2  
 2 Derek Forbort            Brandon Davidson         40     1   2  2  

4 vs 4 Forward 
   Center                   Wing                     Time % Phy DF OF 
 1 Zach Parise              Cam Atkinson             60     1   2  2  
 2 Eric Staal               Mikael Backlund          40     1   2  2  

4 vs 4 Defense
   Defense                  Defense                  Time % Phy DF OF 
 1 Andy Greene              Niklas Hjalmarsson       60     1   2  2  
 2 Derek Forbort            Brandon Davidson         40     1   2  2  

Last Minutes Offensive
   Center                   Left Wing                Right Wing               Defense                  Defense                  
   Eric Staal               Zach Parise              Cam Atkinson             Andy Greene              Niklas Hjalmarsson       

Last Minutes Defensive
   Center                   Left Wing                Right Wing               Defense                  Defense                  
   Eric Staal               Zach Parise              Cam Atkinson             Andy Greene              Niklas Hjalmarsson       

Goaltenders
Starting : Frederik Andersen        
Backup : David Rittich            

Extra Forwards
Normal : Tyler Benson, Vladislav Namestnikov, Yanni Gourde - PP : Tyler Benson, Vladislav Namestnikov - PK : Yanni Gourde
Extra Defensemen
Normal : Steven Kampfer, Austin Strand, Brett Lernout - PP : Steven Kampfer - PK : Austin Strand, Brett Lernout
Penalty Shots
Zach Parise, Cam Atkinson, Eric Staal, Mikael Backlund, Alex Steen
Custom OT Lines Forwards
Zach Parise, Cam Atkinson, Eric Staal, Mikael Backlund, Alex Steen, Andrew Shaw, Vladislav Namestnikov, Yanni Gourde, Brett Connolly, Carl Hagelin
Custom OT Lines Defensemen
Andy Greene, Niklas Hjalmarsson, Derek Forbort, Brandon Davidson, Steven Kampfer

Scratches
Christoffer Ehn (Healthy), Niko Mikkola (Healthy), Blake Hillman (Healthy), Sam Jardine (Healthy), David Pope (Healthy)
Sven Andrighetto (Healthy), Rhett Gardner (Healthy), Mike Condon (Healthy), Evan Fitzpatrick (Healthy)

Stars

5 vs 5 Forward 
   Center                   Left Wing                Right Wing               Time % Phy DF OF 
 1 Joe Thornton             Mikko Rantanen           Alexander Radulov        50     0   4  1  
 2 Adam Henrique            Richard Panik            J.T. Compher             25     0   4  1  
 3 Dylan Strome             Ryan Strome              Charlie Coyle            20     1   4  0  
 4 Sam Steel                Danton Heinen            Ryan Murphy              5      1   4  0  

5 vs 5 Defense 
   Defense                  Defense                                           Time % Phy DF OF 
 1 Adam Pelech              John Klingberg                                    43     0   4  1  
 2 Chris Tanev              Thomas Chabot                                     32     1   4  0  
 3 Derrick Pouliot          Dion Phaneuf                                      15     1   4  0  
 4 Thomas Chabot            John Klingberg                                    10     0   5  0  

PowerPlay Forward 
   Center                   Left Wing                Right Wing               Time % Phy DF OF 
 1 Joe Thornton             Mikko Rantanen           Adam Henrique            60     0   0  5  
 2 Dylan Strome             J.T. Compher             Alexander Radulov        40     0   0  5  

PowerPlay Defense
   Defense                  Defense                                           Time % Phy DF OF 
 1 Thomas Chabot            John Klingberg                                    60     0   1  4  
 2 Chris Tanev              Adam Pelech                                       40     0   1  4  

Penalty Kill 4 Players Forward 
   Center                   Wing                     Time % Phy DF OF 
 1 J.T. Compher             Richard Panik            60     0   5  0  
 2 Adam Henrique            Ryan Strome              40     0   5  0  

Penalty Kill 4 Players Defense
   Defense                  Defense                  Time % Phy DF OF 
 1 Adam Pelech              Dion Phaneuf             60     1   4  0  
 2 Chris Tanev              Thomas Chabot            40     1   4  0  

Penalty Kill - 3 Players Forward 
   Forward                                           Time % Phy DF OF 
 1 Ryan Strome                                       60     1   3  1  
 2 Joe Thornton                                      40     1   4  0  

Penalty Kill - 3 Players Defense
   Defense                  Defense                  Time % Phy DF OF 
 1 Adam Pelech              Derrick Pouliot          60     1   4  0  
 2 Thomas Chabot            Dion Phaneuf             40     1   4  0  

4 vs 4 Forward 
   Center                   Wing                     Time % Phy DF OF 
 1 Mikko Rantanen           Alexander Radulov        60     0   1  4  
 2 Adam Henrique            J.T. Compher             40     0   2  3  

4 vs 4 Defense
   Defense                  Defense                  Time % Phy DF OF 
 1 John Klingberg           Thomas Chabot            50     0   3  2  
 2 Adam Pelech              Chris Tanev              50     0   3  2  

Last Minutes Offensive
   Center                   Left Wing                Right Wing               Defense                  Defense                  
   Adam Henrique            Mikko Rantanen           Alexander Radulov        Thomas Chabot            John Klingberg           

Last Minutes Defensive
   Center                   Left Wing                Right Wing               Defense                  Defense                  
   Joe Thornton             J.T. Compher             Ryan Strome              Dion Phaneuf             Chris Tanev              

Goaltenders
Starting : Martin Ouellette         
Backup : Mikko Koskinen           

Extra Forwards
Normal : Ryan Strome, Joe Thornton, J.T. Compher - PP : Richard Panik, Joe Thornton - PK : Ryan Strome
Extra Defensemen
Normal : John Klingberg, Adam Pelech, Thomas Chabot - PP : John Klingberg - PK : Adam Pelech, Thomas Chabot
Penalty Shots
Mikko Rantanen, Alexander Radulov, Adam Henrique, Ryan Strome, Richard Panik
Custom OT Lines Forwards
Mikko Rantanen, Alexander Radulov, Adam Henrique, Joe Thornton, Richard Panik, Dylan Strome, J.T. Compher, Sam Steel, Ryan Strome, Ryan Murphy
Custom OT Lines Defensemen
Thomas Chabot, John Klingberg, Adam Pelech, Dion Phaneuf, Chris Tanev

Scratches
Jimmy Howard (Healthy)

% Time on Ice - Blackhawks

Lines # - Real PCT - Wanted PCT - Time Play
Normal Forward
1 - 32% - 40% - 15:26
2 - 28% - 30% - 13:33
3 - 23% - 20% - 10:49
4 - 17% - 10% - 7:58
Normal Defense
1 - 42% - 40% - 19:53
2 - 30% - 30% - 14:19
3 - 24% - 20% - 11:19
4 - 5% - 10% - 2:15
PP Forward
1 - 51% - 60% - 3:07
2 - 49% - 40% - 3:03
PP Defense
1 - 69% - 60% - 4:14
2 - 31% - 40% - 1:56
PK Forward
1 - 74% - 60% - 4:30
2 - 26% - 40% - 1:34
PK Defense
1 - 49% - 60% - 2:58
2 - 51% - 40% - 3:06
PK3 Forward
1 - 0% - 60%
2 - 0% - 40%
PK3 Defense
1 - 0% - 60%
2 - 0% - 40%
44 Forward
1 - 0% - 60%
2 - 0% - 40%
44 Defense
1 - 0% - 60%
2 - 0% - 40%
Last Minute Offensive  - 0:00
Last Minute Defensive  - 0:00
Total
Forward - 60:00
Defense - 60:00

% Time on Ice - Stars

Lines # - Real PCT - Wanted PCT - Time Play
Normal Forward
1 - 39% - 50% - 18:49
2 - 25% - 25% - 11:43
3 - 21% - 20% - 10:15
4 - 15% - 5% - 6:55
Normal Defense
1 - 42% - 43% - 19:56
2 - 33% - 32% - 15:45
3 - 20% - 15% - 9:45
4 - 5% - 10% - 2:16
PP Forward
1 - 54% - 60% - 3:15
2 - 46% - 40% - 2:49
PP Defense
1 - 54% - 60% - 3:16
2 - 46% - 40% - 2:48
PK Forward
1 - 68% - 60% - 4:12
2 - 32% - 40% - 1:58
PK Defense
1 - 59% - 60% - 3:38
2 - 41% - 40% - 2:32
PK3 Forward
1 - 0% - 60%
2 - 0% - 40%
PK3 Defense
1 - 0% - 60%
2 - 0% - 40%
44 Forward
1 - 0% - 60%
2 - 0% - 40%
44 Defense
1 - 0% - 50%
2 - 0% - 50%
Last Minute Offensive  - 0:04
Last Minute Defensive  - 0:00
Total
Forward - 60:00
Defense - 60:00

Play-by-Play

1st period


0:01 of 1st period - Eric Staal wins face-off versus Joe Thornton in neutral zone.
0:04 of 1st period - Alexander Radulov is hit by Cam Atkinson and loses puck.
0:46 of 1st period - Adam Henrique is hit by Carl Hagelin and loses puck.
1:07 of 1st period - Snap shot by J.T. Compher.
1:07 of 1st period - Shot Misses the Net.
1:18 of 1st period - Slapshot by Richard Panik.
1:18 of 1st period - Shot Blocked by Brandon Davidson.
1:42 of 1st period - Wrist shot by Carl Hagelin.
1:42 of 1st period - Stopped by Martin Ouellette without a rebound.
1:43 of 1st period - Joe Thornton wins face-off versus Eric Staal in Stars zone.
2:10 of 1st period - Snap shot by Yanni Gourde.
2:10 of 1st period - Stopped by Martin Ouellette without a rebound.
2:11 of 1st period - Vladislav Namestnikov wins face-off versus Dylan Strome in Stars zone.
2:19 of 1st period - Minor Penalty to Ryan Strome for Boarding.
2:20 of 1st period - J.T. Compher wins face-off versus Eric Staal in Stars zone.
2:27 of 1st period - Off-side.
2:28 of 1st period - Eric Staal wins face-off versus J.T. Compher in neutral zone.
2:31 of 1st period - Dion Phaneuf is hit by Eric Staal and loses puck.
2:55 of 1st period - Snap shot by Mikael Backlund.
2:55 of 1st period - Stopped by Martin Ouellette with a rebound.
4:09 of 1st period - Richard Panik is hit by Zach Parise.
4:19 of 1st period - Penalty to Ryan Strome is over, Ryan Strome is back on ice.
5:11 of 1st period - Brett Connolly is hit by Sam Steel and loses puck.
5:45 of 1st period - Snap shot by Andrew Shaw.
5:45 of 1st period - Shot Misses the Net.
6:03 of 1st period - Snap shot by Sam Steel.
6:03 of 1st period - Shot Misses the Net.
6:05 of 1st period - Slapshot by Sam Steel.
6:05 of 1st period - Shot Misses the Net.
6:15 of 1st period - Alex Steen is hit by Dion Phaneuf and loses puck.
6:56 of 1st period - Snap shot by Mikael Backlund.
6:56 of 1st period - Shot Blocked by Richard Panik.
6:58 of 1st period - Slapshot by Derek Forbort.
6:58 of 1st period - Deflect By Mikael Backlund.
6:58 of 1st period - Stopped by Martin Ouellette with a rebound.
7:00 of 1st period - Wrist shot by Mikael Backlund.
7:00 of 1st period - Shot Misses the Net.
7:02 of 1st period - Wrist shot by Alex Steen.
7:02 of 1st period - Deflect By Andrew Shaw.
7:02 of 1st period - Shot Misses the Net.
7:02 of 1st period - Puck is out of play.
7:03 of 1st period - Eric Staal wins face-off versus Alexander Radulov in Stars zone.
7:37 of 1st period - John Klingberg is hit by Andreas Martinsen and loses puck.
8:19 of 1st period - Snap shot by J.T. Compher.
8:19 of 1st period - Stopped by Frederik Andersen with a rebound.
8:21 of 1st period - Wrist shot by Thomas Chabot.
8:21 of 1st period - Stopped by Frederik Andersen with a rebound.
8:23 of 1st period - Slapshot by Richard Panik.
8:23 of 1st period - Deflect By Adam Henrique.
8:23 of 1st period - Shot Misses the Net.
8:23 of 1st period - Puck is out of play.
8:24 of 1st period - Eric Staal wins face-off versus Adam Henrique in Blackhawks zone.
8:24 of 1st period - Eric Staal is hit by Adam Henrique.
8:42 of 1st period - Snap shot by Brett Connolly.
8:42 of 1st period - Shot Misses the Net.
8:44 of 1st period - Wrist shot by Yanni Gourde.
8:44 of 1st period - Stopped by Martin Ouellette with a rebound.
8:46 of 1st period - Slapshot by Steven Kampfer.
8:46 of 1st period - Shot Blocked by Chris Tanev.
8:48 of 1st period - Snap shot by Vladislav Namestnikov.
8:48 of 1st period - Shot Misses the Net.
8:50 of 1st period - Slapshot by Brandon Davidson.
8:50 of 1st period - Deflect By Vladislav Namestnikov.
8:50 of 1st period - Shot Blocked by Thomas Chabot.
8:50 of 1st period - Puck is out of play.
8:51 of 1st period - Eric Staal wins face-off versus Joe Thornton in Stars zone.
9:26 of 1st period - Snap shot by Mikael Backlund.
9:26 of 1st period - Stopped by Martin Ouellette with a rebound.
9:28 of 1st period - Slapshot by Brandon Davidson.
9:28 of 1st period - Shot Blocked by Adam Pelech.
9:42 of 1st period - Snap shot by Carl Hagelin.
9:42 of 1st period - Shot Misses the Net.
9:44 of 1st period - Snap shot by Carl Hagelin.
9:44 of 1st period - Stopped by Martin Ouellette without a rebound.
9:45 of 1st period - Joe Thornton wins face-off versus Michael Chaput in Stars zone.
9:50 of 1st period - Backhand shot by Alexander Radulov.
9:50 of 1st period - Shot Blocked by Andy Greene.
10:31 of 1st period - Snap shot by Danton Heinen.
10:31 of 1st period - Stopped by Frederik Andersen with a rebound.
10:42 of 1st period - Minor Penalty to Dion Phaneuf for Goalie Interference.
10:43 of 1st period - J.T. Compher wins face-off versus Eric Staal in Stars zone.
10:55 of 1st period - Wrist shot by Zach Parise.
10:55 of 1st period - Goal by Zach Parise - Blackhawks : 1 - Stars : 0.
10:56 of 1st period - Eric Staal wins face-off versus Joe Thornton in neutral zone.
11:23 of 1st period - Thomas Chabot is hit by Andrew Shaw.
11:29 of 1st period - Snap shot by Dylan Strome.
11:29 of 1st period - Stopped by Frederik Andersen with a rebound.
12:07 of 1st period - Snap shot by Cam Atkinson.
12:07 of 1st period - Shot Blocked by Adam Pelech.
12:23 of 1st period - Sam Steel is hit by Carl Hagelin and loses puck.
12:30 of 1st period - Derek Forbort is hit by Dion Phaneuf and loses puck.
12:53 of 1st period - Snap shot by Dylan Strome.
12:53 of 1st period - Shot Blocked by Andrew Shaw.
12:55 of 1st period - Slapshot by Chris Tanev.
12:55 of 1st period - Shot Misses the Net.
13:38 of 1st period - Snap shot by Cam Atkinson.
13:38 of 1st period - Deflect By Zach Parise.
13:38 of 1st period - Stopped by Martin Ouellette without a rebound.
13:39 of 1st period - Eric Staal wins face-off versus Dylan Strome in Stars zone.
15:34 of 1st period - Snap shot by Dylan Strome.
15:34 of 1st period - Stopped by Frederik Andersen with a rebound.
16:01 of 1st period - Wrist shot by Zach Parise.
16:01 of 1st period - Shot Hit the Post.
16:05 of 1st period - Slapshot by Cam Atkinson.
16:05 of 1st period - Shot Misses the Net.
16:45 of 1st period - Slapshot by Danton Heinen.
16:45 of 1st period - Stopped by Frederik Andersen without a rebound.
16:46 of 1st period - Sam Steel wins face-off versus Eric Staal in Blackhawks zone.
17:03 of 1st period - Slapshot by Eric Staal.
17:03 of 1st period - Stopped by Martin Ouellette with a rebound.
18:33 of 1st period - Wrist shot by Danton Heinen.
18:33 of 1st period - Shot Misses the Net.
18:41 of 1st period - Snap shot by Danton Heinen.
18:41 of 1st period - Shot Blocked by Andrew Shaw.
18:43 of 1st period - Slapshot by Dion Phaneuf.
18:43 of 1st period - Stopped by Frederik Andersen without a rebound.
18:44 of 1st period - Joe Thornton wins face-off versus Eric Staal in Blackhawks zone.
19:07 of 1st period - Icing by Cam Atkinson.
19:08 of 1st period - Brett Connolly wins face-off versus Dylan Strome in Blackhawks zone.
19:08 of 1st period - Brett Connolly is hit by Charlie Coyle.
19:16 of 1st period - Wrist shot by Brett Connolly.
19:16 of 1st period - Shot Misses the Net.
Goals for this period are 1 for Blackhawks vs 0 for Stars.
Shots for this period are 10 for Blackhawks vs 7 for Stars.

2nd period


0:01 of 2nd period - Eric Staal wins face-off versus Alexander Radulov in neutral zone.
0:23 of 2nd period - Icing by Alexander Radulov.
0:24 of 2nd period - Dylan Strome wins face-off versus Mikael Backlund in Stars zone.
0:37 of 2nd period - Wrist shot by Alex Steen.
0:37 of 2nd period - Deflect By Thomas Chabot.
0:37 of 2nd period - Shot Misses the Net.
0:37 of 2nd period - Puck is out of play.
0:38 of 2nd period - Eric Staal wins face-off versus Joe Thornton in Stars zone.
0:43 of 2nd period - Snap shot by Cam Atkinson.
0:43 of 2nd period - Stopped by Martin Ouellette with a rebound.
0:45 of 2nd period - Slapshot by Zach Parise.
0:45 of 2nd period - Shot Misses the Net.
0:58 of 2nd period - Minor Penalty to Mikko Rantanen for Diving.
0:59 of 2nd period - Eric Staal wins face-off versus J.T. Compher in Stars zone.
1:01 of 2nd period - Slapshot by Cam Atkinson.
1:01 of 2nd period - Deflect By Richard Panik.
1:01 of 2nd period - Stopped by Martin Ouellette with a rebound.
1:21 of 2nd period - Icing by Niklas Hjalmarsson.
1:22 of 2nd period - J.T. Compher wins face-off versus Andrew Shaw in Blackhawks zone.
2:31 of 2nd period - Slapshot by Mikael Backlund.
2:31 of 2nd period - Shot Misses the Net.
2:33 of 2nd period - Slapshot by Andy Greene.
2:33 of 2nd period - Deflect By Andrew Shaw.
2:33 of 2nd period - Shot Misses the Net.
2:33 of 2nd period - Puck is out of play.
2:34 of 2nd period - Eric Staal wins face-off versus J.T. Compher in Stars zone.
2:58 of 2nd period - Penalty to Mikko Rantanen is over, Mikko Rantanen is back on ice.
4:19 of 2nd period - Snap shot by J.T. Compher.
4:19 of 2nd period - Deflect By Adam Henrique.
4:19 of 2nd period - Stopped by Frederik Andersen with a rebound.
4:25 of 2nd period - Derrick Pouliot is hit by Zach Parise and loses puck.
4:36 of 2nd period - Michael Chaput is hit by Derrick Pouliot.
5:00 of 2nd period - Andy Greene is hit by Alexander Radulov and loses puck.
5:13 of 2nd period - Snap shot by Brett Connolly.
5:13 of 2nd period - Deflect By Yanni Gourde.
5:13 of 2nd period - Shot Misses the Net.
5:13 of 2nd period - Puck is out of play.
5:14 of 2nd period - Adam Henrique wins face-off versus Vladislav Namestnikov in Stars zone.
5:14 of 2nd period - Adam Henrique is hit by Vladislav Namestnikov.
5:26 of 2nd period - Backhand shot by J.T. Compher.
5:26 of 2nd period - Stopped by Frederik Andersen with a rebound.
5:34 of 2nd period - Adam Henrique is hit by Vladislav Namestnikov and loses puck.
5:47 of 2nd period - Wrist shot by Vladislav Namestnikov.
5:47 of 2nd period - Shot Blocked by Chris Tanev.
5:49 of 2nd period - Snap shot by Vladislav Namestnikov.
5:49 of 2nd period - Shot Misses the Net.
5:51 of 2nd period - Snap shot by Vladislav Namestnikov.
5:51 of 2nd period - Stopped by Martin Ouellette without a rebound.
5:52 of 2nd period - Joe Thornton wins face-off versus Cam Atkinson in Stars zone.
7:20 of 2nd period - Off-side.
7:21 of 2nd period - Eric Staal wins face-off versus Joe Thornton in neutral zone.
7:26 of 2nd period - Wrist shot by Zach Parise.
7:26 of 2nd period - Shot Misses the Net.
7:48 of 2nd period - Thomas Chabot is hit by Andrew Shaw and loses puck.
7:57 of 2nd period - Wrist shot by Charlie Coyle.
7:57 of 2nd period - Stopped by Frederik Andersen without a rebound.
7:58 of 2nd period - Joe Thornton wins face-off versus Mikael Backlund in Blackhawks zone.
9:49 of 2nd period - Icing by Eric Staal.
9:50 of 2nd period - Joe Thornton wins face-off versus Eric Staal in Blackhawks zone.
10:11 of 2nd period - Snap shot by Zach Parise.
10:11 of 2nd period - Shot Misses the Net.
10:13 of 2nd period - Snap shot by Cam Atkinson.
10:13 of 2nd period - Shot Misses the Net.
10:15 of 2nd period - Slapshot by Austin Strand.
10:15 of 2nd period - Stopped by Martin Ouellette with a rebound.
10:17 of 2nd period - Snap shot by Cam Atkinson.
10:17 of 2nd period - Stopped by Martin Ouellette with a rebound.
10:19 of 2nd period - Slapshot by Cam Atkinson.
10:19 of 2nd period - Shot Misses the Net.
10:21 of 2nd period - Snap shot by Cam Atkinson.
10:21 of 2nd period - Stopped by Martin Ouellette with a rebound.
10:23 of 2nd period - Snap shot by Cam Atkinson.
10:23 of 2nd period - Stopped by Martin Ouellette with a rebound.
10:29 of 2nd period - Snap shot by Cam Atkinson.
10:29 of 2nd period - Shot Misses the Net.
10:31 of 2nd period - Snap shot by Zach Parise.
10:31 of 2nd period - Shot Misses the Net.
10:33 of 2nd period - Slapshot by Steven Kampfer.
10:33 of 2nd period - Shot Misses the Net.
10:43 of 2nd period - Snap shot by Zach Parise.
10:43 of 2nd period - Deflect By Eric Staal.
10:43 of 2nd period - Stopped by Martin Ouellette with a rebound.
10:51 of 2nd period - Wrist shot by Cam Atkinson.
10:51 of 2nd period - Shot Blocked by John Klingberg.
10:53 of 2nd period - Snap shot by Cam Atkinson.
10:53 of 2nd period - Shot Misses the Net.
10:55 of 2nd period - Snap shot by Zach Parise.
10:55 of 2nd period - Stopped by Martin Ouellette without a rebound.
10:56 of 2nd period - Mikael Backlund wins face-off versus Adam Henrique in Stars zone.
11:04 of 2nd period - Minor Penalty to Thomas Chabot for Holding.
11:05 of 2nd period - Alex Steen wins face-off versus J.T. Compher in Stars zone.
11:14 of 2nd period - Wrist shot by Richard Panik.
11:14 of 2nd period - Shot Blocked by Niklas Hjalmarsson.
11:30 of 2nd period - Dion Phaneuf is hit by Zach Parise and loses puck.
12:27 of 2nd period - Slapshot by John Klingberg.
12:27 of 2nd period - Stopped by Frederik Andersen without a rebound.
12:28 of 2nd period - Mikael Backlund wins face-off versus Sam Steel in Blackhawks zone.
12:28 of 2nd period - Mikael Backlund is hit by Dion Phaneuf.
13:04 of 2nd period - Penalty to Thomas Chabot is over, Thomas Chabot is back on ice.
13:08 of 2nd period - Slapshot by John Klingberg.
13:08 of 2nd period - Shot Blocked by Brandon Davidson.
13:10 of 2nd period - Slapshot by Chris Tanev.
13:10 of 2nd period - Shot Blocked by Brett Connolly.
13:12 of 2nd period - Snap shot by Ryan Strome.
13:12 of 2nd period - Stopped by Frederik Andersen with a rebound.
13:14 of 2nd period - Slapshot by Ryan Strome.
13:14 of 2nd period - Shot Misses the Net.
13:16 of 2nd period - Wrist shot by Adam Henrique.
13:16 of 2nd period - Shot Blocked by Derek Forbort.
13:18 of 2nd period - Snap shot by Thomas Chabot.
13:18 of 2nd period - Stopped by Frederik Andersen without a rebound.
13:19 of 2nd period - Joe Thornton wins face-off versus Michael Chaput in Blackhawks zone.
13:27 of 2nd period - Off-side.
13:28 of 2nd period - Michael Chaput wins face-off versus Joe Thornton in neutral zone.
14:02 of 2nd period - Off-side.
14:03 of 2nd period - Eric Staal wins face-off versus Dylan Strome in neutral zone.
14:21 of 2nd period - Icing by Niklas Hjalmarsson.
14:22 of 2nd period - Eric Staal wins face-off versus Joe Thornton in Blackhawks zone.
14:47 of 2nd period - Slapshot by Zach Parise.
14:47 of 2nd period - Shot Blocked by Alexander Radulov.
14:49 of 2nd period - Slapshot by Niklas Hjalmarsson.
14:49 of 2nd period - Stopped by Martin Ouellette with a rebound.
14:55 of 2nd period - Wrist shot by Cam Atkinson.
14:55 of 2nd period - Stopped by Martin Ouellette with a rebound.
14:57 of 2nd period - Wrist shot by Cam Atkinson.
14:57 of 2nd period - Shot Blocked by Chris Tanev.
14:59 of 2nd period - Snap shot by Zach Parise.
14:59 of 2nd period - Goal by Zach Parise - Blackhawks : 2 - Stars : 0.
15:00 of 2nd period - J.T. Compher wins face-off versus Alex Steen in neutral zone.
15:50 of 2nd period - Ryan Strome is hit by Derek Forbort.
16:14 of 2nd period - Snap shot by Andrew Shaw.
16:14 of 2nd period - Shot Blocked by Chris Tanev.
16:16 of 2nd period - Slapshot by Andy Greene.
16:16 of 2nd period - Shot Blocked by Sam Steel.
16:18 of 2nd period - Slapshot by Niklas Hjalmarsson.
16:18 of 2nd period - Stopped by Martin Ouellette with a rebound.
16:34 of 2nd period - Richard Panik is hit by Andy Greene and loses puck.
17:36 of 2nd period - Snap shot by Danton Heinen.
17:36 of 2nd period - Stopped by Frederik Andersen without a rebound.
17:37 of 2nd period - Mikael Backlund wins face-off versus Joe Thornton in Blackhawks zone.
18:04 of 2nd period - Mikko Rantanen is hit by Andy Greene and loses puck.
18:17 of 2nd period - Brandon Davidson is hit by Chris Tanev and loses puck.
18:22 of 2nd period - Snap shot by Mikko Rantanen.
18:22 of 2nd period - Shot Misses the Net.
18:24 of 2nd period - Slapshot by Mikko Rantanen.
18:24 of 2nd period - Deflect By Joe Thornton.
18:24 of 2nd period - Goal by Joe Thornton - Blackhawks : 2 - Stars : 1.
18:25 of 2nd period - Eric Staal wins face-off versus Adam Henrique in neutral zone.
18:50 of 2nd period - John Klingberg is hit by Andy Greene and loses puck.
Goals for this period are 1 for Blackhawks vs 1 for Stars.
Shots for this period are 13 for Blackhawks vs 8 for Stars.

3rd period


0:01 of 3rd period - Eric Staal wins face-off versus Mikko Rantanen in neutral zone.
0:26 of 3rd period - Richard Panik is hit by Andrew Shaw and loses puck.
0:35 of 3rd period - Alex Steen is hit by John Klingberg.
0:53 of 3rd period - Slapshot by Danton Heinen.
0:53 of 3rd period - Stopped by Frederik Andersen without a rebound.
0:54 of 3rd period - Sam Steel wins face-off versus Cam Atkinson in Blackhawks zone.
0:59 of 3rd period - Slapshot by Sam Steel.
0:59 of 3rd period - Shot Hit the Post.
1:01 of 3rd period - Wrist shot by Ryan Murphy.
1:01 of 3rd period - Stopped by Frederik Andersen with a rebound.
1:03 of 3rd period - Slapshot by Thomas Chabot.
1:03 of 3rd period - Stopped by Frederik Andersen with a rebound.
1:08 of 3rd period - Off-side.
1:09 of 3rd period - Joe Thornton wins face-off versus Mikael Backlund in neutral zone.
1:14 of 3rd period - Snap shot by Mikko Rantanen.
1:14 of 3rd period - Stopped by Frederik Andersen with a rebound.
1:16 of 3rd period - Wrist shot by Mikko Rantanen.
1:16 of 3rd period - Shot Misses the Net.
1:18 of 3rd period - Slapshot by Thomas Chabot.
1:18 of 3rd period - Stopped by Frederik Andersen with a rebound.
1:20 of 3rd period - Snap shot by Alexander Radulov.
1:20 of 3rd period - Deflect By Joe Thornton.
1:20 of 3rd period - Shot Misses the Net.
1:20 of 3rd period - Puck is out of play.
1:21 of 3rd period - Joe Thornton wins face-off versus Eric Staal in Blackhawks zone.
1:22 of 3rd period - Wrist shot by Mikko Rantanen.
1:22 of 3rd period - Stopped by Frederik Andersen without a rebound.
1:23 of 3rd period - Eric Staal wins face-off versus Alexander Radulov in Blackhawks zone.
2:55 of 3rd period - Brandon Davidson is hit by Thomas Chabot and loses puck.
3:12 of 3rd period - Minor Penalty to Derek Forbort for Hooking.
3:13 of 3rd period - Joe Thornton wins face-off versus Zach Parise in Blackhawks zone.
3:24 of 3rd period - Cam Atkinson is hit by Thomas Chabot and loses puck.
4:04 of 3rd period - Wrist shot by Mikko Rantanen.
4:04 of 3rd period - Stopped by Frederik Andersen without a rebound.
4:05 of 3rd period - Yanni Gourde wins face-off versus Joe Thornton in Blackhawks zone.
4:59 of 3rd period - Thomas Chabot is hit by Cam Atkinson and loses puck.
5:12 of 3rd period - Penalty to Derek Forbort is over, Derek Forbort is back on ice.
6:07 of 3rd period - John Klingberg is hit by Mikael Backlund and loses puck.
6:45 of 3rd period - Minor Penalty to Brandon Davidson for Boarding.
6:46 of 3rd period - Joe Thornton wins face-off versus Zach Parise in Blackhawks zone.
6:49 of 3rd period - Slapshot by Adam Henrique.
6:49 of 3rd period - Deflect By Mikko Rantanen.
6:49 of 3rd period - Stopped by Frederik Andersen with a rebound.
6:51 of 3rd period - Slapshot by Adam Pelech.
6:51 of 3rd period - Stopped by Frederik Andersen with a rebound.
6:53 of 3rd period - Slapshot by Adam Pelech.
6:53 of 3rd period - Stopped by Frederik Andersen with a rebound.
6:55 of 3rd period - Snap shot by Adam Henrique.
6:55 of 3rd period - Stopped by Frederik Andersen with a rebound.
7:13 of 3rd period - Andy Greene is hit by Chris Tanev.
8:44 of 3rd period - Dylan Strome is hit by Niklas Hjalmarsson and loses puck.
8:45 of 3rd period - Penalty to Brandon Davidson is over, Brandon Davidson is back on ice.
9:23 of 3rd period - Sam Steel is hit by Yanni Gourde.
10:18 of 3rd period - Sam Steel is hit by Andy Greene and loses puck.
10:23 of 3rd period - Slapshot by Vladislav Namestnikov.
10:23 of 3rd period - Stopped by Martin Ouellette without a rebound.
10:24 of 3rd period - Mikael Backlund wins face-off versus Joe Thornton in Stars zone.
10:25 of 3rd period - Snap shot by Andrew Shaw.
10:25 of 3rd period - Shot Misses the Net.
10:27 of 3rd period - Snap shot by Andrew Shaw.
10:27 of 3rd period - Shot Blocked by Mikko Rantanen.
10:29 of 3rd period - Slapshot by Austin Strand.
10:29 of 3rd period - Deflect By Andrew Shaw.
10:29 of 3rd period - Shot Misses the Net.
10:29 of 3rd period - Puck is out of play.
10:30 of 3rd period - Mikael Backlund wins face-off versus Joe Thornton in Stars zone.
10:33 of 3rd period - Snap shot by Mikael Backlund.
10:33 of 3rd period - Stopped by Martin Ouellette with a rebound.
10:35 of 3rd period - Backhand shot by Steven Kampfer.
10:35 of 3rd period - Shot Blocked by Alexander Radulov.
10:37 of 3rd period - Wrist shot by Mikael Backlund.
10:37 of 3rd period - Shot Misses the Net.
10:39 of 3rd period - Snap shot by Mikael Backlund.
10:39 of 3rd period - Shot Blocked by Alexander Radulov.
10:43 of 3rd period - Wrist shot by Alex Steen.
10:43 of 3rd period - Stopped by Martin Ouellette without a rebound.
10:44 of 3rd period - Joe Thornton wins face-off versus Zach Parise in Stars zone.
11:15 of 3rd period - Slapshot by Adam Henrique.
11:15 of 3rd period - Stopped by Frederik Andersen without a rebound.
11:16 of 3rd period - Mikael Backlund wins face-off versus Adam Henrique in Blackhawks zone.
11:16 of 3rd period - Mikael Backlund is hit by Adam Henrique.
11:19 of 3rd period - Minor Penalty to Brandon Davidson for Unsportsmanlike conduct.
11:20 of 3rd period - Joe Thornton wins face-off versus Zach Parise in Blackhawks zone.
11:24 of 3rd period - Slapshot by Joe Thornton.
11:24 of 3rd period - Shot Blocked by Zach Parise.
11:26 of 3rd period - Backhand shot by Adam Henrique.
11:26 of 3rd period - Goal by Adam Henrique - Blackhawks : 2 - Stars : 2.
11:27 of 3rd period - Joe Thornton wins face-off versus Eric Staal in neutral zone.
11:27 of 3rd period - Joe Thornton is hit by Cam Atkinson.
12:17 of 3rd period - Snap shot by Cam Atkinson.
12:17 of 3rd period - Shot Misses the Net.
12:19 of 3rd period - Snap shot by Eric Staal.
12:19 of 3rd period - Stopped by Martin Ouellette with a rebound.
12:21 of 3rd period - Backhand shot by Zach Parise.
12:21 of 3rd period - Stopped by Martin Ouellette with a rebound.
12:23 of 3rd period - Wrist shot by Zach Parise.
12:23 of 3rd period - Deflect By Eric Staal.
12:23 of 3rd period - Shot Misses the Net.
12:23 of 3rd period - Puck is out of play.
12:24 of 3rd period - Joe Thornton wins face-off versus Mikael Backlund in Stars zone.
12:41 of 3rd period - Slapshot by Mikko Rantanen.
12:41 of 3rd period - Shot Misses the Net.
12:51 of 3rd period - John Klingberg is hit by Vladislav Namestnikov.
13:13 of 3rd period - Slapshot by Richard Panik.
13:13 of 3rd period - Stopped by Frederik Andersen with a rebound.
13:25 of 3rd period - Slapshot by John Klingberg.
13:25 of 3rd period - Stopped by Frederik Andersen without a rebound.
13:26 of 3rd period - Joe Thornton wins face-off versus Andrew Shaw in Blackhawks zone.
13:27 of 3rd period - Snap shot by Mikko Rantanen.
13:27 of 3rd period - Shot Blocked by Andy Greene.
13:29 of 3rd period - Slapshot by Alexander Radulov.
13:29 of 3rd period - Shot Misses the Net.
13:31 of 3rd period - Snap shot by Mikko Rantanen.
13:31 of 3rd period - Stopped by Frederik Andersen without a rebound.
13:32 of 3rd period - Joe Thornton wins face-off versus Mikael Backlund in Blackhawks zone.
14:13 of 3rd period - Snap shot by Andrew Shaw.
14:13 of 3rd period - Stopped by Martin Ouellette with a rebound.
15:26 of 3rd period - Snap shot by Mikael Backlund.
15:26 of 3rd period - Deflect By Andrew Shaw.
15:26 of 3rd period - Shot Misses the Net.
15:26 of 3rd period - Puck is out of play.
15:27 of 3rd period - Dylan Strome wins face-off versus Vladislav Namestnikov in Stars zone.
15:31 of 3rd period - Off-side.
15:32 of 3rd period - Vladislav Namestnikov wins face-off versus Dylan Strome in neutral zone.
15:45 of 3rd period - Snap shot by Yanni Gourde.
15:45 of 3rd period - Goal by Yanni Gourde - Blackhawks : 3 - Stars : 2.
15:46 of 3rd period - Dylan Strome wins face-off versus Brett Connolly in neutral zone.
16:11 of 3rd period - Derek Forbort is hit by Adam Henrique and loses puck.
16:53 of 3rd period - Off-side.
16:54 of 3rd period - Brett Connolly wins face-off versus Adam Henrique in neutral zone.
17:25 of 3rd period - Wrist shot by Dylan Strome.
17:25 of 3rd period - Shot Blocked by Andy Greene.
17:27 of 3rd period - Slapshot by Adam Pelech.
17:27 of 3rd period - Deflect By Cam Atkinson.
17:27 of 3rd period - Stopped by Frederik Andersen without a rebound.
17:28 of 3rd period - Joe Thornton wins face-off versus Eric Staal in Blackhawks zone.
17:36 of 3rd period - Slapshot by Mikko Rantanen.
17:36 of 3rd period - Shot Blocked by Zach Parise.
17:38 of 3rd period - Wrist shot by Alexander Radulov.
17:38 of 3rd period - Deflect By Cam Atkinson.
17:38 of 3rd period - Stopped by Frederik Andersen without a rebound.
17:39 of 3rd period - Dylan Strome wins face-off versus Vladislav Namestnikov in Blackhawks zone.
17:44 of 3rd period - Snap shot by Charlie Coyle.
17:44 of 3rd period - Shot Misses the Net.
17:48 of 3rd period - Snap shot by Dylan Strome.
17:48 of 3rd period - Stopped by Frederik Andersen without a rebound.
17:49 of 3rd period - Vladislav Namestnikov wins face-off versus Dylan Strome in Blackhawks zone.
17:51 of 3rd period - Minor Penalty to Brett Connolly for Interference.
17:52 of 3rd period - Joe Thornton wins face-off versus Zach Parise in Blackhawks zone.
19:51 of 3rd period - Penalty to Brett Connolly is over, Brett Connolly is back on ice.
19:51 of 3rd period - Alexander Radulov is hit by Eric Staal and loses puck.
Goals for this period are 1 for Blackhawks vs 1 for Stars.
Shots for this period are 7 for Blackhawks vs 19 for Stars.